General information
- name: BNet
- type: Ladder team game (AT/RT)
- host: Battle.net
- saver: Fiar
map: Cherryville
- players: 8
- length: 11:01
- speed: Fast
- version: 1.21 W3XP
- replay type: Public
» download(76 KB)
Players
team 1 (winner)
crazylarry (
orange | 39 APM | 430 actions | 10:57)
3 Blademaster
2 Wind Walk
1 Critical Strike
» actions
| Build / train | 29 | |
| Enter build submenu | 8 | |
| Enter hero's abilities submenu | 3 | |
| Right click | 254 | |
| Select / deselect | 89 | |
| Use ability | 47 | |
430 total
» units
» buildings
| Altar of Storms | 1 | |
| Orc Burrow | 3 | |
| Voodoo Lounge | 1 | |
| Stronghold | 1 | |
| Beastiary | 2 | |
8 total
» build order
00:09 Altar of Storms
00:23 Orc Burrow
03:42 Voodoo Lounge
06:41 Stronghold
09:40 Beastiary
09:42 Beastiary
09:44 Orc Burrow
10:08 Orc Burrow
» items
| Scroll of Speed | 2 | |
| Potion of Healing | 5 | |
| Potion of Mana | 4 | |
| Healing Salve | 1 | |
| Lesser Clarity Potion | 1 | |
| Boots of Speed | 1 | |
| Staff of Teleportation | 1 | |
15 total

»
FFA_FOUR (
purple | 76 APM | 830 actions | 10:57)
3 Blademaster
2 Wind Walk
1 Critical Strike
3 Shadow Hunter
1 Hex
2 Healing Wave
» actions
| Assign group hotkey | 32 | |
| Basic commands | 5 | |
| Build / train | 40 | |
| Enter build submenu | 21 | |
| Enter hero's abilities submenu | 7 | |
| Right click | 321 | |
| Select / deselect | 143 | |
| Select group hotkey | 206 | |
| Use ability | 55 | |
830 total
» units
| Peon | 12 | |
| Wind Rider | 8 | |
| Goblin Sapper | 1 | |
21 total
» upgrades
| Ranged Weapons | 2 | |
| Armor | 2 | |
| Envenomed Spears | 1 | |
| Liquid Fire | 1 | |
6 total
» buildings
| Altar of Storms | 1 | |
| Orc Burrow | 8 | |
| Stronghold | 1 | |
| War Mill | 1 | |
| Voodoo Lounge | 1 | |
| Beastiary | 8 | |
| Fortress | 1 | |
21 total
» build order
00:05 Altar of Storms
00:08 Orc Burrow
01:03 Stronghold
01:16 War Mill
01:20 Voodoo Lounge
01:47 Orc Burrow
01:50 Orc Burrow
02:29 Orc Burrow
02:54 Orc Burrow
03:38 Beastiary
03:40 Beastiary
03:41 Beastiary
03:46 Beastiary
04:11 Orc Burrow
04:14 Orc Burrow
06:27 Beastiary
06:27 Beastiary
06:28 Beastiary
06:28 Beastiary
06:42 Fortress
08:14 Orc Burrow
» items
| Lesser Clarity Potion | 2 | |
| Healing Salve | 1 | |
3 total
Fiar (
teal | 52 APM | 568 actions | 11:01)
3 Blademaster
2 Wind Walk
1 Critical Strike
» actions
| Build / train | 20 | |
| Enter build submenu | 7 | |
| Enter hero's abilities submenu | 3 | |
| Right click | 414 | |
| Select / deselect | 100 | |
| Use ability | 24 | |
568 total
» units
» buildings
| Altar of Storms | 1 | |
| Orc Burrow | 1 | |
| Stronghold | 2 | |
| War Mill | 2 | |
| Voodoo Lounge | 1 | |
| Great Hall | 1 | |
8 total
» build order
00:15 Altar of Storms
00:16 Orc Burrow
05:44 Stronghold
05:44 Stronghold
06:41 War Mill
06:52 Voodoo Lounge
09:00 War Mill
10:55 Great Hall
» items
| Healing Salve | 1 | |
| Lesser Clarity Potion | 1 | |
| Boots of Speed | 1 | |
| Staff of Teleportation | 1 | |
4 total
wade-2 (
yellow | 32 APM | 346 actions | 10:57)
2 Blademaster
1 Wind Walk
1 Critical Strike
» actions
| Assign group hotkey | 1 | |
| Build / train | 20 | |
| Enter build submenu | 15 | |
| Enter hero's abilities submenu | 2 | |
| Right click | 176 | |
| Select / deselect | 65 | |
| Select group hotkey | 39 | |
| Use ability | 28 | |
346 total
» units
» upgrades
» buildings
| Altar of Storms | 1 | |
| Orc Burrow | 5 | |
| War Mill | 1 | |
| Stronghold | 1 | |
| Voodoo Lounge | 1 | |
| Fortress | 1 | |
| Beastiary | 2 | |
| Watch Tower | 8 | |
20 total
» build order
00:16 Altar of Storms
00:20 Orc Burrow
01:41 War Mill
02:48 Orc Burrow
04:52 Stronghold
06:03 Orc Burrow
06:09 Voodoo Lounge
07:38 Fortress
07:43 Beastiary
08:14 Watch Tower
08:15 Watch Tower
08:19 Watch Tower
08:20 Watch Tower
08:36 Watch Tower
08:37 Watch Tower
08:44 Watch Tower
08:48 Watch Tower
09:19 Beastiary
10:36 Orc Burrow
10:42 Orc Burrow
» items
| Potion of Healing | 1 | |
| Boots of Speed | 1 | |
2 total
team 2 (loser)
b0lt (
red | 58 APM | 640 actions | 10:57)
1 Tauren Chieftain
1 Shockwave
» actions
| Assign group hotkey | 7 | |
| Build / train | 19 | |
| ESC pressed | 3 | |
| Enter build submenu | 14 | |
| Enter hero's abilities submenu | 1 | |
| Right click | 318 | |
| Select / deselect | 169 | |
| Select group hotkey | 83 | |
| Use ability | 26 | |
640 total
» units
| Peon | 7 | |
| Grunt | 4 | |
| Troll Headhunter/Berserker | 4 | |
15 total
» buildings
| Altar of Storms | 1 | |
| Orc Burrow | 4 | |
| Barracks | 1 | |
| War Mill | 1 | |
| Voodoo Lounge | 1 | |
| Stronghold | 1 | |
| Watch Tower | 5 | |
14 total
» build order
00:06 Altar of Storms
00:11 Orc Burrow
00:35 Barracks
01:40 Orc Burrow
02:15 War Mill
02:35 Orc Burrow
03:24 Voodoo Lounge
04:02 Stronghold
05:11 Orc Burrow
05:59 Watch Tower
06:03 Watch Tower
06:04 Watch Tower
06:13 Watch Tower
06:58 Watch Tower
» items
dumFuk (
green | 56 APM | 618 actions | 10:57)
2 Death Knight
1 Death Coil
1 Unholy Aura
» actions
| Assign group hotkey | 15 | |
| Basic commands | 14 | |
| Build / train | 38 | |
| ESC pressed | 3 | |
| Enter build submenu | 9 | |
| Enter hero's abilities submenu | 2 | |
| Right click | 192 | |
| Select / deselect | 256 | |
| Select group hotkey | 76 | |
| Use ability | 13 | |
618 total
» units
| Acolyte | 7 | |
| Ghoul | 12 | |
| Crypt Fiend | 10 | |
29 total
» upgrades
» buildings
| Crypt | 2 | |
| Ziggurat | 3 | |
| Altar of Darkness | 1 | |
| Nerubian Tower | 1 | |
| Graveyard | 1 | |
| Halls of the Dead | 1 | |
| Black Citadel | 1 | |
10 total
» build order
00:06 Crypt
00:13 Ziggurat
00:38 Altar of Darkness
01:02 Ziggurat
01:28 Nerubian Tower
02:12 Ziggurat
04:49 Graveyard
05:35 Halls of the Dead
08:40 Crypt
09:17 Black Citadel
GankedAgain (
pink | 77 APM | 849 actions | 10:57)
2 Keeper of the Grove
1 Entangling Roots
1 Force of Nature
» actions
| Assign group hotkey | 19 | |
| Basic commands | 89 | |
| Build / train | 44 | |
| ESC pressed | 6 | |
| Enter build submenu | 12 | |
| Enter hero's abilities submenu | 2 | |
| Right click | 260 | |
| Select / deselect | 208 | |
| Select group hotkey | 178 | |
| Use ability | 31 | |
849 total
» units
» upgrades
| Strength of the Moon | 2 | |
| Improved Bows | 1 | |
3 total
» buildings
| Altar of Elders | 1 | |
| Moon Well | 5 | |
| Ancient of War | 3 | |
| Hunter's Hall | 1 | |
| Tree of Ages | 5 | |
15 total
» build order
00:09 Altar of Elders
00:12 Moon Well
00:51 Ancient of War
00:53 Ancient of War
01:36 Moon Well
02:39 Hunter's Hall
03:02 Moon Well
06:10 Ancient of War
06:22 Moon Well
07:22 Moon Well
07:30 Tree of Ages
07:30 Tree of Ages
07:30 Tree of Ages
shArAh0evA (
blue | 51 APM | 558 actions | 10:57)
1 Archmage
1 Summon Water Elemental
» actions
| Assign group hotkey | 35 | |
| Basic commands | 11 | |
| Build / train | 26 | |
| Enter build submenu | 23 | |
| Enter hero's abilities submenu | 1 | |
| Right click | 286 | |
| Select / deselect | 148 | |
| Select group hotkey | 5 | |
| Use ability | 23 | |
558 total
» units
| Peasant | 9 | |
| Footman | 7 | |
| Sorceress | 4 | |
| Priest | 1 | |
21 total
» buildings
| Altar of Kings | 1 | |
| Farm | 5 | |
| Barracks | 1 | |
| Keep | 1 | |
| Scout Tower | 5 | |
| Arcane Sanctum | 2 | |
| Lumber Mill | 1 | |
| Guard Tower | 2 | |
| Arcane Vault | 2 | |
20 total
» build order
00:16 Altar of Kings
00:21 Farm
00:26 Barracks
01:04 Farm
02:19 Farm
02:28 Farm
03:49 Keep
06:09 Scout Tower
06:16 Arcane Sanctum
06:52 Scout Tower
07:07 Lumber Mill
07:35 Arcane Sanctum
08:09 Guard Tower
08:41 Arcane Vault
08:47 Arcane Vault
09:11 Scout Tower
09:30 Farm
09:41 Guard Tower
09:52 Scout Tower
10:01 Scout Tower
Chat log
(00:06 / Allies) Fiar: puase
(00:07 / Allies) Fiar: k2
(00:09 / Allies) FFA_FOUR: lol
(00:10 / Allies) Fiar: hes lagging
(00:12 / All) FFA_FOUR: please sirs
(00:16 / Allies) crazylarry: i coulda found a fucking rt
(00:17 / Allies) Fiar: he stopped
(00:19 / Allies) crazylarry: faster
(00:37 / All) Fiar: burn in hell
(00:40 / All) Fiar: i hope you die
(00:51 / Allies) Fiar: started
(00:53 / Allies) Fiar: what race are you?
(00:56 / Allies) FFA_FOUR: orc
(00:59 / Allies) Fiar: oh boy
(01:07 / Allies) crazylarry: mass grunt feed
(01:09 / Allies) FFA_FOUR: wyvlars
(01:10 / Allies) crazylarry: we cant lose
(01:57 / Allies) crazylarry: all the 16 year olds are back at school
(02:03 / Allies) FFA_FOUR: like fire
(02:03 / Allies) crazylarry: so no one is searching ;(
(02:09 / Allies) Fiar: im not 16 ?:(
(02:19 / Allies) FFA_FOUR: but you're in high school
(02:20 / Allies) Fiar: illbe 18 this month
(02:24 / Allies) crazylarry: lol
(02:28 / Allies) Fiar: k2 is 19
(02:32 / Allies) Fiar: cause he failed a grade
(02:40 / Allies) wade-2: suurreee
(02:54 / Allies) Fiar: ?
(03:13 / All) FFA_FOUR: fuk ud
(04:31 / Allies) crazylarry: lol
(04:34 / Allies) crazylarry: they rushing him
(04:35 / Allies) crazylarry: faggots
(04:43 / Allies) Fiar: save
(04:44 / Allies) FFA_FOUR: tc
(04:44 / Allies) Fiar: joobs
(04:55 / Allies) crazylarry: i like how they just happen to hit him
(05:10 / Allies) FFA_FOUR: dk
(06:36 / Allies) Fiar: tech
(06:52 / Allies) FFA_FOUR: liked how they scouted me and knew to attack me
(08:27 / Allies) wade-2: wood
(09:20 / Allies) Fiar: tower kodos
(09:25 / Allies) crazylarry: to lazy